 Dungeon Crawl Stone Soup version 0.29-a0-398-ge13fd1374b (webtiles) character file.

Game seed: 795437416528594469

581 bande the Covered (level 7, 0/44 HPs)
             Began as a Gargoyle Fighter on May 13, 2022.
             Slain by Pikel
             ... wielding a +2 whip of flaming
              (9 damage)
             ... on level 4 of the Dungeon.
             The game lasted 00:07:29 (4434 turns).

bande the Covered (Gargoyle Fighter)                Turns: 4434, Time: 00:07:30

Health: 0/44       AC: 17    Str: 19    XL:     7   Next: 36%
Magic:  7/7        EV:  7    Int:  9    God:
Gold:   198        SH:  4    Dex: 11    Spells: 6/6 levels left

rFire   . . .      SeeInvis +   a - +1 war axe
rCold   . . .      Faith    .   c - +0 buckler
rNeg    + . .      Spirit   .   j - +0 chain mail
rPois   ∞          Reflect  .   g - +0 helmet
rElec   +          Harm     .   r - +0 cloak
rCorr   .          Rampage  .   (no gloves)
Will    .....                   (no boots)
Stlth   ..........              (no amulet)
HPRegen 0.14/turn               h - ring of see invisible
MPRegen 0.10/turn               (no ring)

@: mighty
A: sickness immunity, AC +4, negative energy resistance 1, electricity
resistance, torment resistance 1, petrification resistance
a: no special abilities


You were on level 4 of the Dungeon.
You visited 2 branches of the dungeon, and saw 5 of its levels.

You collected 198 gold pieces.

Inventory:

Hand Weapons
 a - a +1 war axe (weapon)
 t - a +0 flail
Missiles
 d - 2 throwing nets (quivered)
Armour
 c - a +0 buckler (worn)
 g - a +0 helmet (worn)
 j - a +0 chain mail (worn)
 r - a +0 cloak (worn)
Jewellery
 h - a ring of see invisible (left hand)
Wands
 p - a wand of mindburst (8)
Potions
 e - a potion of lignification {unknown}
 f - 2 potions of curing
 i - a potion of flight {unknown}
 o - a potion of ambrosia {unknown}


   Skills:
 + Level 4.8 Fighting
 + Level 4.8 Axes
 + Level 5.1 Armour
 + Level 4.3 Shields
 * Level 1.1 Evocations


You had 6 spell levels left.
You didn't know any spells.
Your spell library contained the following spells:

 Spells                   Type           Power      Damage    Failure   Level
 Passage of Golubria      Tloc           0%         N/A       100%        4
 Silence                  Hex/Air        0%         N/A       100%        5
 Lehudib's Crystal Spear  Conj/Erth      0%         10d2      100%        8


Dungeon Overview and Level Annotations

Branches:
Dungeon (4/15)             Temple (1/1) D:4

Altars:
Ashenzari
Cheibriados
Dithmenos
Elyvilon
Fedhas
Gozag
Hepliaklqana
Kikubaaqudgha
Makhleb
Nemelex Xobeh
Qazlal
Ru
Sif Muna
Trog
Uskayaw
Vehumet
Wu Jian
Xom
Yredelemnul
Zin
The Shining One

Shops:
D:2 =

Annotations:
D:4 Pikel


Innate Abilities, Weirdness & Mutations

You are immune to sickness and miasma.
Your stone body is resilient. (AC +4)
You are immune to poison.
You resist negative energy. (rN+)
You are resistant to electric shocks. (rElec)
You are resistant to unholy torment.
You are immune to petrification.


Message History

Pikel attacks as you move away! Pikel hits you but does no damage.
Pikel hits you with a +2 whip of flaming!
Pikel burns you. The lemure attacks as you move away!
The lemure hits you but does no damage.
There is an open door here.
Pikel attacks as you move away! Pikel hits you but does no damage. x2
Pikel says, "You'll burn in Gehenna!"
Pikel hits you but does no damage.
You hit Pikel.
Pikel is lightly wounded.
Pikel hits you but does no damage. x2
You closely miss Pikel.
Pikel is lightly wounded.
Pikel hits you but does no damage.
Pikel hits you with a +2 whip of flaming.
* * * LOW HITPOINT WARNING * * *
Pikel burns you.
* * * LOW HITPOINT WARNING * * *
You feel better. You block Pikel's attack.
You feel better.
Pikel hits you with a +2 whip of flaming.
Pikel burns you. Pikel hits you but does no damage.
You feel very mighty all of a sudden. Pikel barely misses you.
Unknown command.
You completely miss Pikel.
Pikel is lightly wounded.
Pikel hits you with a +2 whip of flaming.
Pikel burns you. Pikel barely misses you.
You slash Pikel!
Pikel is heavily wounded.
Pikel hits you with a +2 whip of flaming!
* * * LOW HITPOINT WARNING * * *
Pikel burns you.
* * * LOW HITPOINT WARNING * * *
You block Pikel's attack.
You slash Pikel!
Pikel is almost dead.
Pikel hits you with a +2 whip of flaming!
You die...

#............#.....
#............#.....
#.........####.....
#.........# #.....
#.........####.....
##........†..'.....
#†###....####..... #.#
#....# #..... #@# #....#
#..... #K# #....# ######
#5# ######
##5#######*******
#.55......,,,,,,***
*****#.........,,,,,,,,,
*,,,,+.........,,,,,,,**
***,*#.........,,,,,,,*,
*,*#.........,,,,,,,*,


You could see Pikel (fast) and 4 lemures.

Vanquished Creatures
  Sigmund (D:2)
  Eustachio (D:4)
  A centaur (D:3)
  Robin (D:4)
  6 adders
  7 gnolls
  2 worms
  3 dart slugs
  7 ball pythons
  4 endoplasms
  3 giant cockroaches
  13 goblins
  13 hobgoblins
  A quokka (D:1)
  2 bats
  A frilled lizard (D:2)
  3 kobolds
  A rat (D:2)
70 creatures vanquished.

Notes
Turn   | Place    | Note
-------+----------+-------------------------------------------
     0 | D:1      | bande the Gargoyle Fighter began the quest for the Orb.
     0 | D:1      | Reached XP level 1. HP: 14/14 MP: 1/1
   284 | D:1      | Reached XP level 2. HP: 19/19 MP: 2/2
   342 | D:1      | Found a faded altar of an unknown god.
   500 | D:1      | You fall into a shaft and drop 1 floor!
   509 | D:2      | Found Wourhe's Jewellery Boutique.
   520 | D:2      | Reached XP level 3. HP: 23/23 MP: 3/3
   578 | D:2      | Reached skill level 4 in Armour
  1361 | D:1      | Reached XP level 4. HP: 17/29 MP: 4/4
  1973 | D:2      | Noticed Sigmund
  1984 | D:2      | Killed Sigmund
  1985 | D:2      | Reached XP level 5. HP: 24/33 MP: 5/5
  1985 | D:2      | Reached XP level 6. HP: 28/38 MP: 6/6
  2831 | D:3      | Identified the +6 whip "Peesimp" {pain, Int+4}
  3577 | D:4      | Noticed Robin
  3589 | D:4      | Killed Robin
  3590 | D:4      | Reached skill level 5 in Armour
  3590 | D:4      | Found a staircase to the Ecumenical Temple.
  3605 | Temple   | Entered the Ecumenical Temple
  3857 | D:4      | Noticed Eustachio
  3877 | D:4      | Reached XP level 7. HP: 30/44 MP: 7/7
  3891 | D:4      | Killed Eustachio
  3892 | D:4      | Reached skill level 1 in Evocations
  4414 | D:4      | Noticed Pikel
  4434 | D:4      | Slain by Pikel

Illustrated notes

Levels and vault maps discovered:
D:1:      lightli_arrival_quake, layout_rooms,
          hellmonk_ecumenical_altar_lost_god
D:2:      layout_loops_ring, serial_shops, shop, uniq_sigmund
D:3:      layout_basic
D:4:      layout_basic, minmay_temple_entry_stoned_glass, uniq_robin,
          uniq_eustachio, uniq_pikel
Temple:   dpeg_three_leaves_temple

Skill      XL: |  1  2  3  4  5  6  7 |
---------------+----------------------+-----
Axes           | 2 3 4 |  4.8
Armour         | 4 5 |  5.1
Fighting       | 4 |  4.8
Shields        | 4 |  4.3
Evocations     | 1 |  1.1

Action                   |  1- 3 |  4- 6 |  7- 9 || total
-------------------------+-------+-------+-------++-------
Melee: War axe           |    99 |   130 |    31 ||   260
  Use: Scroll            |     1 |     9 |       ||    10
       Potion            |       |     1 |     3 ||     4
Armor: Scale mail        |    48 |    83 |    17 ||   148
       Chain mail        |       |       |    19 ||    19
Dodge: Dodged            |    57 |    75 |    26 ||   158
Block: Buckler           |    27 |    49 |    10 ||    86

Table legend: (Time is in decaauts)
 A = Elapsed time spent in this place.
 B = Non-inter-level travel time spent in this place.
 C = Inter-level travel time spent in this place.
 D = Time resting spent in this place.
 E = Time spent auto-exploring this place.
 F = Levels seen in this place.
 G = Mean time per level.
                   A        B        C        D        E       F      G
               +--------+--------+--------+--------+--------+-----+--------+
         Total |   4537 |   4537 |      0 |   1666 |   1977 |   5 |  907.4 |
       Dungeon |   4471 |   4471 |      0 |   1666 |   1977 |   4 | 1117.8 |
        Temple |     65 |     65 |      0 |      0 |      0 |   1 |   65.0 |
               +--------+--------+--------+--------+--------+-----+--------+

Top non-repeatable levels by time:
     D:2: 1526 daAuts
     D:1: 1274 daAuts
     D:4: 891 daAuts
     D:3: 779 daAuts
  Temple: 65 daAuts
